 Dungeon Crawl Stone Soup version 0.28-a0-224-g76b539d98b (webtiles) character file.

Game seed: 8289216925275109701

5180 zazu2006 the Covert (level 10, -1/85 HPs)
             Began as a Naga Hedge Wizard on Aug 21, 2021.
             Was a Follower of Vehumet.
             Killed from afar by an electric eel (10 damage)
             ... with a bolt of electricity
             ... on level 7 of the Dungeon.
             The game lasted 00:24:42 (12057 turns).

zazu2006 the Covert (Naga Hedge Wizard)            Turns: 12057, Time: 00:24:44

Health: -1/85      AC: 12    Str: 13    XL:     10   Next: 60%
Magic:  5/20       EV:  9    Int: 18    God:    Vehumet [*.....]
Gold:   230        SH:  5    Dex: 16    Spells: 10/22 levels left

rFire   . . .      SeeInvis +   F - +1 short sword (holy)
rCold   . . .      Faith    .   q - +0 buckler
rNeg    . . .      Spirit   .   j - +0 leather armour
rPois   +          Reflect  .   c - +0 hat
rElec   .          Harm     .   y - +0 cloak
rCorr   .          Rampage  .   v - +0 pair of gloves
Will    +....                   n - +0 barding
Stlth   ++++......              (no amulet)
HPRegen 0.24/turn               A - +6 ring of dexterity
MPRegen 0.17/turn               (no ring)

@: very slow
A: AC +3, large, see invisible, deformed body, poison resistance, slowness 2,
spit poison 1, naga tail 1
a: Spit Poison, Renounce Religion


You were on level 7 of the Dungeon.
You worshipped Vehumet.
Vehumet was aware of your devotion.
You visited 2 branches of the dungeon, and saw 8 of its levels.

You collected 230 gold pieces.

Inventory:

Hand Weapons
 t - a +2 dagger of venom
 u - a +4 falchion
 B - a +5 dagger of freezing
 F - a +1 short sword of holy wrath (weapon)
Armour
 c - a +0 hat (worn)
 j - a +0 leather armour (worn)
 n - a +0 barding (worn)
 q - a +0 buckler (worn)
 v - a +0 pair of gloves (worn)
 y - a +0 cloak (worn)
Jewellery
 r - a ring of ice
 A - a +6 ring of dexterity (left hand)
Wands
 w - a wand of digging (2)
 E - a wand of polymorph (10)
Scrolls
 e - a scroll of immolation
 g - 2 scrolls of enchant weapon
 i - a scroll of amnesia
 o - 2 scrolls of noise
 p - 3 scrolls of fear
 s - a scroll of fog
Potions
 d - 2 potions of curing
 f - a potion of flight {unknown}
 h - 2 potions of might {unknown}
 k - 2 potions of resistance {unknown}
 l - 3 potions of mutation {unknown}
 x - a potion of haste {unknown}
 z - a potion of lignification {unknown}
 C - a potion of attraction {unknown}
 D - 2 potions of cancellation {unknown}


   Skills:
 + Level 3.7 Fighting
 - Level 0.5(2.2) Short Blades
 + Level 3.5 Long Blades
 + Level 4.1 Armour
 + Level 4.5 Dodging
 + Level 8.4 Stealth
 - Level 3.0 Shields
 + Level 6.9 Spellcasting
 + Level 5.6 Conjurations
 + Level 1.0 Summonings
 + Level 2.6 Translocations
 + Level 0.6 Fire Magic
 + Level 2.5 Air Magic
 - Level 5.0 Poison Magic


You had 10 spell levels left.
You knew the following spells:

 Your Spells              Type           Power      Damage    Failure   Level
a - Magic Dart            Conj           100%       1d8       1%          1
b - Mephitic Cloud        Conj/Pois/Air  22%        N/A       7%          3
c - Conjure Flame         Conj/Fire      17%        6-21      11%         3
d - Blink                 Tloc           N/A        N/A       7%          2
e - Dazzling Flash        Conj/Hex       32%        N/A       13%         3

Your spell library contained the following spells:

 Spells                   Type           Power      Damage    Failure   Level
 Freeze                   Ice            24%        1d5       14%         1
 Static Discharge         Conj/Air       21%        N/A       3%          2
 Call Imp                 Summ           9%         N/A       13%         2
 Slow                     Hex            6%         N/A       21%         2
 Portal Projectile        Hex/Tloc       22%        N/A       24%         3
 Sticky Flame             Conj/Fire      17%        2d4       36%         4
 Confusing Touch          Hex            6%         N/A       38%         3
 Dispel Undead            Necr           6%         3d8       80%         4
 Silence                  Hex/Air        5%         N/A       91%         5
 Agony                    Necr           6%         N/A       98%         5
 Blade Hands              Tmut           3%         N/A       98%         5
 Excruciating Wounds      Necr           3%         N/A       98%         5
 Yara's Violent Unravell  Hex/Tmut       3%         3d4       98%         5


Dungeon Overview and Level Annotations

Branches:
Dungeon (7/15)             Temple (1/1) D:4

Altars:
Ashenzari
Cheibriados
Elyvilon
Fedhas
Gozag
Hepliaklqana
Kikubaaqudgha
Makhleb
Nemelex Xobeh
Okawaru
Qazlal
Ru
Sif Muna
Trog
Uskayaw
Vehumet
Wu Jian
Xom
Yredelemnul
Zin
Beogh


Innate Abilities, Weirdness & Mutations

Your serpentine skin is tough. (AC +3)
You have supernaturally acute eyesight. (SInv)
Armour fits poorly on your strangely shaped body.
Your system is resistant to poisons. (rPois)
You cover ground very slowly.
You can spit poison.
You have a snake-like lower body.


Message History

You blink.
Casting: Blink (safe; 7% risk of failure)
Confirm with . or Enter, or press ? or * to list all spells.
Aiming: Magic Dart (safe; 1% risk of failure)
Press: ? - help, Shift-Dir - straight line, f/p - vampire
Aim: a vampire, wielding a +0 vorpal falchion, wearing a +0 leather armour and quivering boomerangs (moderately damaged, slightly transparent, 100% to hit)
The magic dart hits the vampire but does no damage.
The vampire is moderately damaged.
Casting: Magic Dart (safe; 1% risk of failure)
Confirm with . or Enter, or press ? or * to list all spells.
Aiming: Magic Dart (safe; 1% risk of failure)
Press: ? - help, Shift-Dir - straight line, f/p - vampire
Aim: a vampire, wielding a +0 vorpal falchion, wearing a +0 leather armour and quivering boomerangs (moderately damaged, slightly transparent, 100% to hit)
The magic dart hits the vampire but does no damage.
The vampire is moderately damaged.
The vampire draws life force from you!!
* * * LOW HITPOINT WARNING * * *
The vampire is healed by the life force!
Casting: Magic Dart (safe; 1% risk of failure)
Confirm with . or Enter, or press ? or * to list all spells.
You blink.
You block the vampire's attack. The vampire bites you.
* * * LOW HITPOINT WARNING * * *
The vampire draws strength from your injuries!
Casting: Blink (safe; 7% risk of failure)
Confirm with . or Enter, or press ? or * to list all spells.
You blink.
Splash!
You fall into the shallow water.
Moving in this stuff is going to be slow.
The vampire mumbles some strange words.
The vampire flickers and vanishes for a moment.
As you read the scroll of teleportation, it crumbles to dust.
You feel strangely unstable.
You enter the shallow water.
Moving in this stuff is going to be slow.
Your surroundings suddenly seem different.
The electric eel shoots out a bolt of lightning at you!
The bolt of electricity hits the electric eel.
The electric eel completely resists.
The bolt of electricity hits you!
You die...

...............###### ######.####
...............'..≈≈## #.#...
.............#.#####≈#######.#.##
#........#######≈≈;##≈≈...##.....
#..........# #≈≈;;≈######.###.#.
####.......####(.≈..##≈≈≈##≈#..+.
..............#.≈≈≈.#≈≈≈≈≈#≈####.
.....##.......#≈≈.≈≈#[....#≈#....
.....##.......#.@...#..V.≈#≈#.##.
.....##....####.....#...≈≈#.#.##.
.....##....# ###'..##.....#.#.##.
....###....# #..#####.....#.#....
....# #....# ##..≈≈≈##'..##.####.
....# #....# #####≈≈.####≈## #.
....# #....# ###..≈≈≈## ## ....#
###### ####### #####


You could see 3 electric eels.

Vanquished Creatures
  A boulder beetle (D:7)
  Pikel (D:7)
  Joseph (D:7)
  An unseen horror (D:7)
  A water moccasin (D:7)
  Duvessa (D:7)
  4 black bears
  An orc warrior (D:4)
  An ice beast (D:7)
  4 sky beasts
  4 ogres
  A necrophage (D:6)
  A centaur (D:7)
  3 kobold brigands
  Blork the orc (D:5)
  A wyvern zombie (D:6)
  4 bullfrogs
  A scorpion (D:5)
  Dowan (D:7)
  8 wights
  A howler monkey (D:7)
  A bullfrog zombie (D:5)
  A bullfrog skeleton (D:2)
  4 hounds
  3 jellies
  A centaur skeleton (D:7)
  3 orc wizards
  Natasha (thrice) (D:4)
  5 iguanas
  A howler monkey zombie (D:6)
  5 gnolls
  A howler monkey skeleton (D:5)
  7 adders
  2 white imps
  An ufetubus (D:6)
  A worm (D:2)
  4 dart slugs
  17 orcs
  6 ball pythons
  8 bats
  6 endoplasms
  3 giant cockroaches
  9 goblins
  4 hobgoblins
  21 kobolds
  3 quokkas
  6 frilled lizards
  7 rats
175 creatures vanquished.

Vanquished Creatures (others)
  3 electric eels (D:7)
  An orc wizard (D:6)
  10 plants
14 creatures vanquished.

Grand Total: 189 creatures vanquished

Notes
Turn   | Place    | Note
-------+----------+-------------------------------------------
     0 | D:1      | zazu2006 the Naga Hedge Wizard began the quest for the Orb.
     0 | D:1      | Reached XP level 1. HP: 15/15 MP: 4/4
   170 | D:1      | Reached XP level 2. HP: 22/22 MP: 3/6
  1084 | D:1      | Reached XP level 3. HP: 27/28 MP: 2/8
  1088 | D:1      | Learned a level 3 spell: Mephitic Cloud
  1092 | D:1      | Learned a level 3 spell: Conjure Flame
  1095 | D:1      | Learned a level 2 spell: Blink
  1992 | D:2      | Reached XP level 4. HP: 34/36 MP: 6/9
  2020 | D:2      | Found a faded altar of an unknown god.
  3231 | D:3      | Noticed an ogre
  3504 | D:3      | Reached XP level 5. HP: 29/43 MP: 5/11
  3744 | D:3      | Reached skill level 1 in Armour
  5034 | D:4      | Reached skill level 1 in Poison Magic
  5034 | D:4      | Reached XP level 6. HP: 50/50 MP: 5/12
  5214 | D:4      | Noticed Natasha
  5219 | D:4      | Killed Natasha
  5643 | D:4      | Noticed Natasha
  5655 | D:4      | Killed Natasha
  5656 | D:4      | Reached skill level 4 in Stealth
  5704 | D:4      | Noticed a black bear
  5712 | D:4      | Killed a black bear
  5879 | D:4      | Noticed Natasha
  5888 | D:4      | Killed Natasha
  5889 | D:4      | Reached XP level 7. HP: 48/56 MP: 13/13
  5989 | D:4      | Found a staircase to the Ecumenical Temple.
  6071 | D:4      | Reached skill level 1 in Shields
  6405 | Temple   | Entered the Ecumenical Temple
  6515 | Temple   | Became a worshipper of Vehumet
  6558 | D:5      | Entered Level 5 of the Dungeon
  6937 | D:5      | Noticed Blork the orc
  6938 | D:5      | Reached skill level 1 in Fighting
  6951 | D:5      | Killed Blork the orc
  6952 | D:5      | Reached skill level 5 in Stealth
  7062 | D:5      | Reached XP level 8. HP: 43/64 MP: 6/15
  7342 | D:5      | Reached skill level 5 in Spellcasting
  7723 | D:5      | Reached skill level 1 in Air Magic
  7997 | D:6      | Reached skill level 6 in Stealth
  8374 | D:6      | Reached XP level 9. HP: 74/74 MP: 4/16
  8476 | D:6      | Reached skill level 5 in Poison Magic
  9499 | D:6      | Reached * piety under Vehumet
  9499 | D:6      | Offered knowledge of Freeze by Vehumet.
  9524 | D:6      | Learned a level 3 spell: Dazzling Flash
 10081 | D:7      | Noticed an unseen horror
 10106 | D:7      | Reached skill level 5 in Conjurations
 10112 | D:7      | Killed an unseen horror
 10394 | D:7      | Noticed Duvessa
 10400 | D:7      | Noticed Dowan
 10443 | D:7      | Reached skill level 1 in Long Blades
 10447 | D:7      | Killed Dowan
 10460 | D:7      | Reached XP level 10. HP: 41/84 MP: 12/19
 10467 | D:7      | Killed Duvessa
 10468 | D:7      | Reached skill level 7 in Stealth
 10542 | D:7      | Noticed Pikel
 10555 | D:7      | Killed Pikel
 10574 | D:7      | Noticed Joseph
 10597 | D:7      | Killed Joseph
 10663 | D:7      | Reached skill level 8 in Stealth
 10874 | D:7      | Noticed a boulder beetle
 10943 | D:7      | Killed a boulder beetle
 12057 | D:7      | Killed from afar by an electric eel

Illustrated notes

Levels and vault maps discovered:
D:1:      amcnicky_arrival_blooded_trapdoor, layout_loops_corners
D:2:      kennysheep_six_static_rooms, layout_basic,
          hellmonk_ecumenical_altar_defaced_shrine
D:3:      wad_pebble_path, layout_basic, minivault_5, serial_bayou_pond_a,
          minivault_11
D:4:      layout_basic, temple_pool_b, uniq_natasha
D:5:      layout_basic, uniq_blork_the_orc
D:6:      layout_loops_ring, minmay_diced_spiral
D:7:      cheibrodos_two_vegetables, layout_basic, enter_bailey_7, uniq_joseph,
          uniq_duvessa, uniq_pikel
Temple:   regret_index_temple_chain_breaker

Skill      XL: |  1  2  3  4  5  6  7  8  9 10 |
---------------+-------------------------------+-----
Dodging        | 2 3 4 |  4.5
Spellcasting   | 4 5 6 |  6.9
Conjurations   | 2 3 4 5 |  5.6
Armour         | 1 2 3 4 |  4.1
Poison Magic   | 1 2 3 4 5 |  5.0
Stealth        | 4 5 6 8 |  8.4
Shields        | 1 2 3 |  3.0
Fighting       | 1 2 3 |  3.7
Air Magic      | 1 2 |  2.5
Translocations | 2 |  2.6
Long Blades    | 1 3 |  3.5
Short Blades   | |  0.5
Summonings     | |  1.0
Fire Magic     | |  0.6

Action                   |  1- 3 |  4- 6 |  7- 9 | 10-12 || total
-------------------------+-------+-------+-------+-------++-------
Melee: Dagger            |     6 |    53 |   253 |       ||   312
       Falchion          |       |       |    52 |    53 ||   105
       Short sword       |       |       |    22 |    46 ||    68
 Cast: Magic Dart        |    80 |   155 |   117 |    31 ||   383
       Blink             |       |     1 |    11 |     8 ||    20
       Mephitic Cloud    |       |     3 |    16 |    17 ||    36
       Conjure Flame     |       |       |     8 |     6 ||    14
 Abil: Spit Poison       |    11 |    10 |     6 |     9 ||    36
  Use: Scroll            |       |       |     8 |     3 ||    11
       Potion            |       |       |     2 |     4 ||     6
 Stab: Confused          |       |     5 |    10 |    10 ||    25
       Sleeping          |       |       |     1 |     1 ||     2
Armor: Robe              |     1 |     1 |       |       ||     2
       Leather armour    |       |    38 |   157 |    68 ||   263
Dodge: Dodged            |    11 |    58 |   145 |    58 ||   272
Block: Buckler           |       |       |    42 |    30 ||    72
       Rpst.: Falchion   |       |       |    10 |     6 ||    16

Table legend: (Time is in decaauts)
 A = Elapsed time spent in this place.
 B = Non-inter-level travel time spent in this place.
 C = Inter-level travel time spent in this place.
 D = Time resting spent in this place.
 E = Time spent auto-exploring this place.
 F = Levels seen in this place.
 G = Mean time per level.
                   A        B        C        D        E       F      G
               +--------+--------+--------+--------+--------+-----+--------+
         Total |  14403 |  13739 |    664 |   1742 |   9448 |   8 | 1800.4 |
       Dungeon |  14232 |  13585 |    647 |   1742 |   9329 |   7 | 2033.1 |
        Temple |    170 |    153 |     17 |      0 |    119 |   1 |  170.0 |
               +--------+--------+--------+--------+--------+-----+--------+

Top non-repeatable levels by time:
     D:7: 2376 daAuts
     D:2: 2265 daAuts
     D:6: 2145 daAuts
     D:5: 1936 daAuts
     D:3: 1891 daAuts
     D:1: 1848 daAuts
     D:4: 1767 daAuts
  Temple: 170 daAuts
